 Dungeon Crawl Stone Soup version 0.24-a0-581-gc0fa6600bf (webtiles) character file.

Game seed: 8059380719685959702

88 Rolt the Grave Robber (level 4, -5/39 HPs)
             Began as a Naga Necromancer on Aug 23, 2019.
             Was an Initiate of Yredelemnul.
             Slain by a gnoll
             ... wielding a +0 spear
              (7 damage)
             ... on level 2 of the Dungeon.
             The game lasted 00:15:46 (2686 turns).

Rolt the Grave Robber (Naga Necromancer)            Turns: 2686, Time: 00:15:47

Health: -5/39      AC:  2    Str: 11    XL:     4   Next: 54%
Magic:  0/8        EV: 10    Int: 16    God:    Yredelemnul [......]
Gold:   101        SH:  0    Dex: 11    Spells: 3/8 levels left

rFire    . . .     SeeInvis +   a - +0 short sword
rCold    . . .     Gourm    .   (no shield)
rNeg     . . .     Faith    .   o - +0 robe
rPois    +         Spirit   .   (no helmet)
rElec    .         Reflect  .   (no cloak)
rCorr    .         Harm     .   (no gloves)
MR       .....                  (no barding)
Stlth    ++........             (no amulet)
HPRegen  0.13/turn              (no ring)
MPRegen  0.11/turn              (no ring)

@: very slow
A: large, see invisible, deformed body, poison resistance, slowness 2, slow
metabolism 1, spit poison 1, AC +1
a: Spit Poison, Renounce Religion


You were on level 2 of the Dungeon.
You worshipped Yredelemnul.
Yredelemnul was noncommittal.
You were not hungry.

You visited 1 branch of the dungeon, and saw 2 of its levels.

You collected 101 gold pieces.

Inventory:

Hand Weapons
 a - a +0 short sword (weapon)
 b - a cursed +0 hunting sling
 j - a +0 spear
 l - a +0 hand axe
 m - a +0 dagger
Missiles
 d - 5 poisoned darts
 i - 79 stones (quivered)
Armour
 o - a +0 robe (worn)
Scrolls
 f - a scroll of enchant armour {unknown}
 g - 2 scrolls of identify {unknown}
 k - a scroll of immolation {unknown}
 p - a scroll of enchant weapon {unknown}
 s - a scroll of amnesia {unknown}
 t - a scroll of blinking {unknown}
Potions
 e - a potion of flight {unknown}
 h - a potion of agility {unknown}
 n - a potion of cancellation {unknown}
Comestibles
 c - 2 rations
 r - 2 chunks of flesh


   Skills:
 + Level 1.9 Fighting
 + Level 1.3 Short Blades
 - Level 1.5 Dodging
 - Level 3.0 Stealth
 + Level 2.7 Spellcasting
 + Level 4.5 Necromancy


You had 3 spell levels left.
You knew the following spells:

 Your Spells              Type           Power        Failure   Level  Hunger
a - Pain                  Necr           ###.         3%          1    #......
s - Vampiric Draining     Necr           ###.......   9%          3    ###....
z - Animate Skeleton      Necr           N/A          3%          1    #......

Your spell library contained the following spells:

 Spells                   Type           Power        Failure   Level  Hunger
 Regeneration             Chrm/Necr      #.........   22%         3    ###....
 Animate Dead             Necr           N/A          28%         4    #####..


Dungeon Overview and Level Annotations

Branches:
Dungeon (2/15)

Altars:
Kikubaaqudgha
Qazlal
Trog
Yredelemnul

Annotations:
D:2 1 exclusion


Innate Abilities, Weirdness & Mutations

You cannot wear boots.
Your serpentine skin is tough. (AC +1)
You have supernaturally acute eyesight. (SInv)
Armour fits poorly on your strangely shaped body.
Your system is resistant to poisons. (rPois)
You cover ground very slowly.
You have a slow metabolism.
You can spit poison.


Message History

Aiming: Pain (safe; 3% risk of failure)
Press: ? - help, Shift-Dir - straight line, f - gnoll
Aim: a gnoll, wielding a +0 spear (chance to defeat MR: 81%)
The gnoll writhes in agony.
The gnoll hits you from afar with a +0 spear!
The gnoll misses you. The gnoll barely misses you.
You hit the gnoll.
The gnoll is heavily wounded.
The gnoll hits you with a +0 spear!
* * * LOW HITPOINT WARNING * * *
You hit the gnoll.
The gnoll is almost dead.
You have got your breath back.
The gnoll hits you with a +0 spear!
* * * LOW HITPOINT WARNING * * *
As you read the scroll labeled WATARYAGUA, it crumbles to dust.
You feel blessed for a moment.
It was a scroll of remove curse.
The gnoll hits you with a +0 spear!
You die...
Your body rises from the dead as a mindless zombie.

########## .........# ##
###.##.#.# #. #.#....#
#. #.#....# #.#### #.
#.#....# #.#.. ..
#.##.#.# #.#.# .#
#.##.#.# #.#.##..#
#......# #..@g.).#
####.### ###.###...(
#####.# #.# # #≈≈#####
##.## #≈##⌠#⌠## ##...##
##≈#≈≈≈≈§#####.....####.
..§#≈..§≈##...........'.
#.≈#≈§..§⌠####.#...####.
#.§'.._.≈## #.#..###


You could see a gnoll.

Vanquished Creatures
  3 gnolls (D:2)
  2 adders (D:2)
  A worm (D:2)
  5 dart slugs
  A leopard gecko (D:1)
  A giant cockroach (D:2)
  A goblin (D:1)
  5 hobgoblins (D:1)
  4 bats
  2 frilled lizards (D:1)
  3 kobolds
  A rat (D:1)
29 creatures vanquished.

Vanquished Creatures (collateral kills)
  A giant cockroach (D:2)
  A goblin (D:1)
  A bat (D:1)
  A rat (D:1)
4 creatures vanquished.

Grand Total: 33 creatures vanquished

Notes
Turn   | Place    | Note
-------+----------+-------------------------------------------
     0 | D:1      | Rolt the Naga Necromancer began the quest for the Orb.
     0 | D:1      | Reached XP level 1. HP: 15/15 MP: 3/3
     2 | D:1      | Learned a level 1 spell: Animate Skeleton
   305 | D:1      | Reached XP level 2. HP: 11/24 MP: 0/5
   602 | D:1      | Reached skill level 1 in Fighting
  1335 | D:1      | Reached XP level 3. HP: 30/31 MP: 6/6
  1340 | D:1      | Learned a level 3 spell: Vampiric Draining
  1819 | D:2      | Found an ancient bone altar of Kikubaaqudgha.
  1822 | D:2      | Found a basalt altar of Yredelemnul.
  1826 | D:2      | Became a worshipper of Yredelemnul the Dark
  1830 | D:2      | Found a stormy altar of Qazlal.
  2402 | D:2      | Found a bloodstained altar of Trog.
  2461 | D:2      | Reached skill level 1 in Short Blades
  2521 | D:2      | Reached XP level 4. HP: 39/39 MP: 7/7
  2686 | D:2      | Slain by a gnoll

Levels and vault maps discovered:
D:1:      matt_arrival_refuge, layout_loops_ring, minmay_tetromino_i4
D:2:      layout_loops_corners, grunt_temple_overflow_diamond,
          lightli_temple_of_fire

Skill      XL: |  1  2  3 |
---------------+----------+-----
Fighting       | 1 |  1.9
Short Blades   | 1 |  1.3
Dodging        | |  1.5
Stealth        | |  3.0
Spellcasting   | |  2.7
Necromancy     | |  4.5

Action                   |  1- 3 |  4- 6 || total
-------------------------+-------+-------++-------
Melee: Unarmed           |     6 |       ||     6
       Dagger            |    16 |       ||    16
       Hand axe          |     1 |       ||     1
       Short sword       |     1 |     2 ||     3
Throw: Stone             |     9 |     3 ||    12
 Cast: Pain              |    30 |    10 ||    40
       Animate Skeleton  |    12 |     2 ||    14
 Abil: Spit Poison       |     9 |     4 ||    13
  Use: Scroll            |       |     1 ||     1
 Stab: Sleeping          |     3 |       ||     3
  Eat: Chunk             |     4 |     1 ||     5
Armor: Robe              |     6 |       ||     6
Dodge: Dodged            |    19 |     2 ||    21

Table legend:
 A = Non-vault XP
 B = Vault XP
 C = Vault XP percentage of total XP
 D = Non-vault monster count
 E = Vault monster count
 F = Vault count percentage of total count
                 A         B        C        D         E       F
            +---------+---------+-------+---------+---------+-------
      Total |     124 |       3 |   2.4 |      30 |       3 |   9.1
            +---------+---------+-------+---------+---------+-------
        D:1 |      38 |       3 |   7.3 |      18 |       3 |  14.3
        D:2 |      86 |       0 |   0.0 |      12 |       0 |   0.0
            +---------+---------+-------+---------+---------+-------
